 Dungeon Crawl Stone Soup version 0.26-a0-597-gb535b0901c (webtiles) character file.

Game seed: 5764379299963435999

(classic levelgen) 9322 EnegeticOcto the Cleaver (level 11, -7/99 HPs)
             Began as a Deep Dwarf Fighter on Aug 26, 2020.
             Was a High Priest of Makhleb.
             Mangled by Snorg (8 damage)
             ... on level 11 of the Dungeon.
             The game lasted 00:06:45 (6417 turns).

EnegeticOcto the Cleaver (Deep Dwarf Fighter)       Turns: 6417, Time: 00:06:46

Health: -7/99      AC: 17    Str: 30    XL:     11   Next: 21%
Magic:  12/12      EV:  4    Int: 13    God:    Makhleb [*****.]
Gold:   1373       SH: 18    Dex:  8    Spells: 10/10 levels left

rFire    . . .     SeeInvis .   E - +6 war axe of Esuwemaf {flame, rPois Str+2 Int+3 Dex-4}
rCold    . . .     Faith    +   b - +0 tower shield
rNeg     . . .     Spirit   .   u - +0 plate armour
rPois    +         Reflect  .   (no helmet)
rElec    .         Harm     .   j - +1 cloak
rCorr    .                      (no gloves)
MR       +....                  v - +0 pair of boots
Stlth    ..........             f - amulet of faith
HPRegen  0.00/turn              w - +6 ring of strength
MPRegen  0.13/turn              D - ring of flight

@: non-regenerating
A: damage resistance, heal wounds, sense surroundings 2, no regeneration
a: Heal Wounds, Minor Destruction, Lesser Servant of Makhleb, Major Destruction,
Greater Servant of Makhleb, Renounce Religion, Evoke Flight


You were on level 11 of the Dungeon.
You worshipped Makhleb.
Makhleb was extremely pleased with you.
You visited 2 branches of the dungeon, and saw 12 of its levels.
You also visited: Sewer, Ossuary and Bailey.

You collected 1611 gold pieces.
You spent 238 gold pieces at shops.

Inventory:

Hand Weapons
 a - a +2 vorpal broad axe
 E - the +6 war axe of Esuwemaf (weapon) {flame, rPois Str+2 Int+3 Dex-4}
   (You bought it in a shop on level 10 of the Dungeon)

   It has been specially enchanted to burn those struck by it, causing extra
   injury to most foes and up to half again as much damage against particularly
   susceptible opponents.
   Big, fiery blades are also staple armaments of hydra-hunters.
   It affects your strength (+2).
   It affects your intelligence (+3).
   It affects your dexterity (-4).
   It protects you from poison.
Armour
 b - a +0 tower shield (worn)
 c - a +0 kite shield
 j - a +1 cloak (worn)
 u - a +0 plate armour (worn)
 v - a +0 pair of boots (worn)
Jewellery
 f - an amulet of faith (around neck)
 w - a +6 ring of strength (left hand)
 D - a ring of flight (right hand)
Wands
 h - a wand of iceblast (25)
 x - a wand of disintegration (17)
 A - a wand of acid (14) {@v1}
Scrolls
 g - 6 scrolls of remove curse {@r2}
 k - a scroll of holy word
 l - 7 scrolls of blinking
 m - a scroll of immolation {@r4}
 q - 6 scrolls of teleportation {@r3}
 y - a scroll of fear
 z - 4 scrolls of identify {@r1}
 C - 2 scrolls of random uselessness {unknown}
Potions
 d - 3 potions of might {@q3}
 e - 3 potions of curing {@q1}
 i - a potion of resistance {unknown}
 n - 4 potions of heal wounds {@q2}
 o - 2 potions of magic
 p - 2 potions of lignification {@q7}
 r - 2 potions of haste {@q4}
 s - a potion of ambrosia
 t - 4 potions of stabbing {@q5}
 B - 2 potions of mutation {unknown}


   Skills:
 + Level 6.9 Fighting
 * Level 10.9 Axes
 + Level 8.3 Armour
 + Level 8.4 Shields
 * Level 10.2 Invocations
 + Level 2.5 Evocations


You had 10 spell levels left.
You didn't know any spells.
Your spell library was empty.

Dungeon Overview and Level Annotations

Branches:
Dungeon (11/15)            Temple (1/1) D:6             Orc (0/2) D:10
  Sewer (visited)         Ossuary (visited)          Bailey (visited)
   Lair: D:8-11

Altars:
Ashenzari
Cheibriados
Dithmenos
Elyvilon
Fedhas
Gozag
Hepliaklqana
Kikubaaqudgha
Makhleb
Nemelex Xobeh
Okawaru
Qazlal
Ru
Sif Muna
Trog
Uskayaw
Vehumet
Wu Jian
Xom
Yredelemnul
Zin
The Shining One

Shops:
D:6 [   D:10 (   D:11 !

Annotations:
D:5 3 runed translucent doors, Lanoc's ghost, amateur MiGl
D:8 2 exclusions
D:11 Snorg


Innate Abilities, Weirdness & Mutations

You are resistant to damage.
You can heal yourself by infusing magical energy.
You passively map the area around you.
You do not regenerate.


Message History

A sky beast appears from thin air!
Reactivating autopickup.
A sky beast is nearby!
You block the sky beast's attack.
You slice the sky beast!! You burn the sky beast!
You kill the sky beast!
Makhleb accepts your kill.
You feel better.
No target in view!
No target in view!
No target in view!
No target in view!
No target in view!
No target in view!
No target in view!
No target in view!
No target in view!
No target in view!
No target in view!
Found Juvol's Distillery.
Snorg the Insatiable comes into view.
Snorg shouts!
Snorg is nearby!
Snorg is nearby!
Snorg is nearby!
Snorg goes berserk!
You block Snorg's attack. Snorg claws you! You block Snorg's attack.
You hit Snorg. You burn Snorg.
Snorg is lightly wounded.
Snorg bites you but does no damage. Snorg claws you. You block Snorg's attack.
Snorg bites you! Snorg completely misses you. You block Snorg's attack.
You hit Snorg. You burn Snorg.
Snorg is lightly wounded.
You block Snorg's attack. Snorg claws you but does no damage.
You block Snorg's attack.
You hit Snorg. You burn Snorg.
Snorg is lightly wounded.
Snorg bites you! Snorg claws you. You block Snorg's attack.
You slice Snorg!! You burn Snorg.
Snorg is moderately wounded.
You block Snorg's attack. x2; Snorg claws you but does no damage.
Snorg closely misses you. You block Snorg's attack. x2
You closely miss Snorg.
Snorg is moderately wounded.
You block Snorg's attack. Snorg claws you but does no damage. x2
You slash Snorg! You burn Snorg.
Snorg is moderately wounded.
Snorg bites you! You block Snorg's attack. x4
Snorg claws you but does no damage.
You slice Snorg!! You burn Snorg.
Snorg is heavily wounded.
Snorg bites you! Snorg claws you but does no damage. x2
You slash Snorg! You burn Snorg.
Snorg is heavily wounded.
Snorg bites you but does no damage. You block Snorg's attack.
Snorg claws you but does no damage. Snorg bites you!!
* * * LOW HITPOINT WARNING * * *
Snorg claws you but does no damage. x2
You are too injured to fight recklessly!
You are too injured to fight recklessly!
You are too injured to fight recklessly!
Snorg is nearby!
Snorg is nearby!
Snorg is nearby!
You are too injured to fight recklessly!
You are too injured to fight recklessly!
Snorg is nearby!
You are too injured to fight recklessly!
You are too injured to fight recklessly!
You are too injured to fight recklessly!
You are too injured to fight recklessly!
You are too injured to fight recklessly!
You are too injured to fight recklessly!
You are too injured to fight recklessly!
You are too injured to fight recklessly!
You are too injured to fight recklessly!
You are too injured to fight recklessly!
You are too injured to fight recklessly!
You feel much better. Snorg bites you! You block Snorg's attack. x2
Snorg bites you!
* * * LOW HITPOINT WARNING * * *
You block Snorg's attack. Snorg claws you.
* * * LOW HITPOINT WARNING * * *
Your magical essence is drained by the effort!
You feel much better. You block Snorg's attack. Snorg completely misses you.
You block Snorg's attack.
A demon appears!
You block Snorg's attack. x2
Snorg claws you but does no damage. Snorg bites you! Snorg claws you!
* * * LOW HITPOINT WARNING * * *
Snorg claws you!
* * * LOW HITPOINT WARNING * * *
You feel much better. Snorg completely misses you. You block Snorg's attack. x2
You fail to use your ability.
Snorg bites you. Snorg claws you!
* * * LOW HITPOINT WARNING * * *
Snorg claws you but does no damage. Snorg bites you!!
* * * LOW HITPOINT WARNING * * *
Snorg claws you!
* * * LOW HITPOINT WARNING * * *
Snorg claws you!
You die...

*, ,, * , , ,, ,,
#........# , #. *
#........# * #..*
#........# #..
#........# , ,
#..#####........# * *
* #................*
,, #.........3......
, ,+
#........@T......
,+..###........∩.....
##+##...
#..........####
.......###.#####....#
.......#...# #....#
.......#...# #....#
.......#...# #....#
.......#...# #....#
##'#####...####* ,


You could see Snorg (berserk) and a friendly smoke demon (summoned).

Vanquished Creatures
  2 two-headed ogres
  Joseph (D:7)
  2 hippogriffs (D:9)
  Sigmund (D:6)
  5 yaks (D:11)
  A wyvern (D:9)
  2 humans (D:7)
  A steam dragon (D:7)
  3 sky beasts
  13 orc warriors
  3 ice beasts
  A black bear (D:5)
  A phantom (D:8)
  2 necrophages (D:8)
  An eye of draining (D:8)
  3 ogres
  A crocodile (D:8)
  6 centaurs
  A gnoll sergeant (D:8)
  3 big kobolds (Sewer)
  7 bullfrogs
  An elf skeleton (D:8)
  A scorpion (D:8)
  2 wights (D:8)
  A quasit (D:10)
  9 orc priests
  7 hounds
  4 jellies
  A gnoll shaman (D:6)
  15 orc wizards
  A centaur skeleton (D:11)
  2 iguanas (D:9)
  8 worker ants
  9 mummies
  3 hound zombies
  A hound skeleton (D:5)
  10 gnolls
  A howler monkey skeleton (D:9)
  5 river rats (Sewer)
  17 adders
  A shadow imp (D:9)
  4 white imps
  4 ufetubi
  3 oozes (Sewer)
  An adder zombie (D:7)
  5 worms
  3 dart slugs
  3 leopard geckos
  60 orcs
  2 ball pythons (Sewer)
  5 giant cockroaches
  4 hobgoblins
  4 jackals (D:3)
  16 kobolds
  A quokka (D:9)
  3 bats
  2 gnoll zombies (Ossuary)
  10 goblins
  A hobgoblin zombie (Ossuary)
  A jackal skeleton (D:5)
  5 kobold zombies
  A leopard gecko zombie (D:7)
  2 orc zombies (Ossuary)
  3 rats
302 creatures vanquished.

Vanquished Creatures (others)
  A bush (D:5)
1 creature vanquished.

Grand Total: 303 creatures vanquished

Notes
Turn   | Place    | Note
-------+----------+-------------------------------------------
     0 | D:1      | EnegeticOcto the Deep Dwarf Fighter began the quest for the
                  | Orb.
     0 | D:1      | Reached XP level 1. HP: 20/20 MP: 1/1
   185 | D:2      | Found a shimmering altar of Xom.
   225 | D:2      | Reached XP level 2. HP: 27/27 MP: 2/2
   361 | D:3      | Reached XP level 3. HP: 31/33 MP: 3/3
   399 | D:4      | Reached XP level 4. HP: 22/42 MP: 4/4
   403 | D:4      | Found a bloodstained altar of Trog.
   522 | D:4      | Reached XP level 5. HP: 39/49 MP: 4/4
   587 | D:4      | Found a sand-covered staircase.
   596 | Ossuary  | Entered an ossuary
   659 | Ossuary  | Reached XP level 6. HP: 27/56 MP: 4/4
  1298 | D:5      | Entered Level 5 of the Dungeon
  1369 | D:5      | Reached skill level 5 in Axes
  1650 | D:5      | Found a runed translucent gate.
  1650 | D:5      | Found a runed translucent gate.
  1651 | D:5      | Found a runed translucent gate.
  1651 | D:5      | Noticed Lanoc's ghost (amateur MiGl)
  1678 | D:5      | Reached XP level 7. HP: 61/64 MP: 5/5
  1711 | D:5      | Reached skill level 5 in Shields
  1831 | D:5      | Reached skill level 5 in Armour
  1999 | D:5      | Found a hide-covered altar of Uskayaw.
  2284 | D:6      | Found a glowing silver altar of Zin.
  2370 | D:6      | Reached XP level 8. HP: 55/73 MP: 5/5
  2385 | D:6      | Found a staircase to the Ecumenical Temple.
  2406 | Temple   | Entered the Ecumenical Temple
  2592 | Temple   | Became a worshipper of Makhleb the Destroyer
  2631 | D:6      | Noticed Sigmund
  2632 | D:6      | Found Viabuownapi's Armour Shoppe.
  2651 | D:6      | Killed Sigmund
  2651 | D:6      | Reached skill level 1 in Invocations
  2702 | D:6      | Found a glowing drain.
  2719 | Sewer    | Entered a sewer
  3176 | Sewer    | Reached skill level 5 in Fighting
  3213 | Sewer    | Reached * piety under Makhleb
  3554 | D:7      | Gained mutation: You passively map the area around you.
                  | [Deep Dwarf growth]
  3554 | D:7      | Reached XP level 9. HP: 42/81 MP: 9/9
  3593 | D:7      | Reached skill level 5 in Invocations
  3634 | D:7      | Found a stormy altar of Qazlal.
  3675 | D:7      | Noticed Joseph
  3701 | D:7      | Killed Joseph
  3718 | D:7      | Found a shimmering altar of Xom.
  3963 | D:7      | Found an iron altar of Okawaru.
  4098 | D:8      | Noticed a two-headed ogre
  4111 | D:8      | Killed a two-headed ogre
  4171 | D:8      | Reached ** piety under Makhleb
  4196 | D:8      | Found a flagged portal.
  4203 | D:8      | Reached XP level 10. HP: 82/91 MP: 10/10
  4223 | Bailey   | Entered a bailey
  4499 | D:8      | Reached *** piety under Makhleb
  4845 | D:8      | Reached skill level 10 in Axes
  5051 | D:9      | Noticed a two-headed ogre
  5057 | D:9      | Killed a two-headed ogre
  5060 | D:9      | Reached **** piety under Makhleb
  5338 | D:9      | Reached skill level 1 in Evocations
  5576 | D:9      | Reached ***** piety under Makhleb
  5631 | D:9      | Found a shimmering blue altar of Sif Muna.
  5752 | D:10     | Entered Level 10 of the Dungeon
  5816 | D:10     | Reached XP level 11. HP: 99/99 MP: 13/13
  6043 | D:10     | Found Aporowuo's Antique Weapon Shoppe.
  6059 | D:10     | Bought a shimmering war axe for 238 gold pieces
  6059 | D:10     | Identified the +6 war axe of Esuwemaf {flame, rPois Str+2
                  | Int+3 Dex-4} (You bought it in a shop on level 10 of the
                  | Dungeon)
  6239 | D:10     | Reached skill level 10 in Invocations
  6264 | D:10     | Found a staircase to the Orcish Mines.
  6399 | D:11     | Found Juvol's Distillery.
  6401 | D:11     | Noticed Snorg
  6417 | D:11     | HP: 1/99 [Snorg (9)]
  6417 | D:11     | Mangled by Snorg

Illustrated notes

Levels and vault maps discovered:
D:1:      dpeg_arrival_shrine, layout_loops_ring, serial_forest,
          infiniplex_forest_corner_2, infiniplex_forest_lined_room_3,
          infiniplex_forest_lined_room_2, infiniplex_forest_straight_3,
          infiniplex_forest_clump_small
D:2:      minmay_wonky_spiral, layout_loops_corners,
          nicolae_overflow_crystal_walls
D:3:      mumra_celtic_spiral_tile, layout_basic
D:4:      layout_basic, bloody_trog, nicolae_ossuary_entry_giza
D:5:      layout_loops_ring, kennysheep_little_box, ebering_ghost_rock_garden,
          kb_lookout_dungeons_type
D:6:      layout_rooms, zin_treasury, minmay_temple_entry_trees, serial_shops,
          shop_fountains, portal_sewer_entry_d, kennysheep_pointless_box,
          uniq_sigmund
D:7:      layout_loops_ring, okawaru_humans, grunt_qazlal_clouds, basic_altar,
          st_stairs_1, uniq_joseph
D:8:      cheibrodos_two_vegetables, layout_rooms, enter_bailey_3,
          hangedman_abyss_or_decor_passed, dk_noncrumbling_4,
          lemuel_mausoleum_altar_yredelemnul
D:9:      layout_cross, led_sif_pool, minmay_fountain_box
D:10:     layout_rooms, david_orc_4, serial_shops,
          nicolae_shop_temple_entry_statues_fountains,
          hangedman_decor_diamond_cutter
D:11:     layout_irregular_city, lair_entry_dummy, serial_shops, shop,
          uniq_snorg, uniq_maurice, uniq_urug
Temple:   regret_index_temple_generic_petals

Skill      XL: |  1  2  3  4  5  6  7  8  9 10 11 |
---------------+----------------------------------+-----
Axes           | 3 4 5 6 8 9 10 | 10.9
Fighting       | 3 4 5 6 |  6.9
Armour         | 4 5 6 7 8 |  8.3
Shields        | 4 5 6 7 8 |  8.4
Invocations    | 4 7 9 10 | 10.2
Evocations     | 1 2 |  2.5

Action                   |  1- 3 |  4- 6 |  7- 9 | 10-12 || total
-------------------------+-------+-------+-------+-------++-------
Melee: War axe           |    64 |   129 |   458 |   133 ||   784
       Broad axe         |       |       |       |   241 ||   241
Invok: Lesser Servant of |       |       |       |     1 ||     1
 Abil: Heal Wounds       |     1 |     6 |    12 |     7 ||    26
  Use: Scroll            |       |       |    20 |     6 ||    26
       Potion            |       |       |       |     1 ||     1
Armor: Scale mail        |    29 |    31 |       |       ||    60
       Plate armour      |       |    11 |   203 |   232 ||   446
Dodge: Dodged            |    18 |    30 |    34 |    50 ||   132
Block: Kite shield       |    37 |    62 |     6 |       ||   105
       Tower shield      |       |       |   375 |   437 ||   812

Table legend: (Time is in decaauts)
 A = Elapsed time spent in this place.
 B = Non-inter-level travel time spent in this place.
 C = Inter-level travel time spent in this place.
 D = Time resting spent in this place.
 E = Time spent auto-exploring this place.
 F = Levels seen in this place.
 G = Mean time per level.
                   A        B        C        D        E       F      G
               +--------+--------+--------+--------+--------+-----+--------+
         Total |   6809 |   6481 |    328 |      0 |   4284 |  15 |  453.9 |
       Dungeon |   5547 |   5253 |    294 |      0 |   3604 |  11 |  504.3 |
        Temple |    211 |    178 |     33 |      0 |    175 |   1 |  211.0 |
         Sewer |    695 |    695 |      0 |      0 |    400 |   1 |  695.0 |
       Ossuary |    198 |    198 |      0 |      0 |    101 |   1 |  198.0 |
        Bailey |    156 |    156 |      0 |      0 |      4 |   1 |  156.0 |
               +--------+--------+--------+--------+--------+-----+--------+

Top non-repeatable levels by time:
     D:8: 839 daAuts
     D:5: 791 daAuts
     D:4: 770 daAuts
     D:9: 732 daAuts
     D:7: 710 daAuts
   Sewer: 695 daAuts
     D:6: 638 daAuts
    D:10: 613 daAuts
  Temple: 211 daAuts
 Ossuary: 198 daAuts
     D:1: 175 daAuts
  Bailey: 156 daAuts
     D:3: 153 daAuts
     D:2: 64 daAuts
    D:11: 58 daAuts
